 Dungeon Sprint DCSS version 0.32-a0-136-gc02482bde3 (webtiles) character file.

Game seed: 5528288881533890704

40380 rocky1 the Slayer (level 14, -8/187 HPs)
             Began as an Oni Gladiator on Feb 11, 2024.
             Was an Initiate of Gozag.
             Killed from afar by a lindwurm (40 damage)
             ... with a blast of flame
             ... summoned by Kirke
             ... in the Dungeon (Sprint VII: "The Pits").
             The game lasted 00:21:14 (5937 turns).

rocky1 the Slayer (Oni Gladiator)                   Turns: 5937, Time: 00:21:14

Health: -8/187     AC: 12    Str: 29    XL:     14   Next: 10%
Magic:  28/28      EV: 16    Int: 13    God:    Gozag
Gold:   3476       SH:  0    Dex: 14    Spells: 26/34 levels left

rFire   . . .        U - +5 bardiche (elec)
rCold   . . .        (shield currently unavailable)
rNeg    . . .        x - +4 robe of Augmentation {Str+4 Int+4 Dex+4}
rPois   .            c - +0 hat
rElec   .            S - +1 cloak
rCorr   .            (gloves unavailable)
SInv    .            (boots unavailable)
Will    +....        (no amulet)
Stlth   ++++++       y - +4 ring of slaying
HPRegen 0.51/turn    r - +3 ring of protection
MPRegen 0.21/turn

%: no teleportation
@: gold aura
A: large, unfitting armour, horns 1, tough skin 1, double potion healing,
drunken brawling
a: Renounce Religion, Potion Petition, Call Merchant, Bribe Branch


You were in the Dungeon.
You worshipped Gozag.
Gozag was most pleased with you.
You visited 1 branch You collected 12190 gold pieces.
You spent 2108 gold pieces at shops.
You paid 6606 gold pieces to Gozag.

Inventory:

Hand Weapons
 a - a +0 trident
 w - a +2 halberd of venom
 M - a +0 halberd of flaming
 U - a +5 bardiche of electrocution (weapon)
 V - a +3 lajatang
Missiles
 d - 4 throwing nets (quivered)
 e - 7 large rocks
 P - 5 boomerangs
 Q - 3 javelins
Armour
 c - a +0 hat (worn)
 x - the +4 robe of Augmentation (worn) {Str+4 Int+4 Dex+4}
   (You bought it in a shop in the Dungeon)

   Str+4:     It affects your strength (+4).
   Int+4:     It affects your intelligence (+4).
   Dex+4:     It affects your dexterity (+4).
 R - +5 acid dragon scales
 S - a +1 cloak (worn)
 T - +2 swamp dragon scales
Jewellery
 r - a +3 ring of protection (right hand)
 s - a +3 ring of evasion
 y - a +4 ring of slaying (left hand)
 z - a ring of protection from cold
 C - the ring "Hetar" {*Corrode +Blink rPois rF+ Will-}
   (You found it in the Dungeon)

   [ring of protection from fire]

   rF+:       It protects you from fire.
   rPois:     It protects you from poison Will-: It decreases your willpower.
   +Blink:    It lets you blink.
   *Corrode:  It may corrode you when you take damage.
 F - a ring of ice
 G - a ring of willpower
 N - a +4 ring of protection
Wands
 A - a wand of flame (4)
Scrolls
 k - a scroll of blinking
 m - 2 scrolls of vulnerability
 n - 6 scrolls of amnesia
 o - a scroll of butterflies
 D - a scroll of torment
 E - 3 scrolls of fear
 H - 2 scrolls of immolation
 K - 2 scrolls of fog
 L - 2 scrolls of identify
Potions
 f - 4 potions of curing
 g - 6 potions of heal wounds
 h - 2 potions of haste
 i - 5 potions of magic
 j - 2 potions of berserk rage
 l - a potion of invisibility
 t - 2 potions of brilliance
 u - 5 potions of might
 v - 3 potions of mutation
 I - a potion of lignification
 O - a potion of cancellation


   Skills:
 + Level 23.7 Fighting
 + Level 21.4 Polearms
 + Level 2.8 Throwing
 + Level 13.7 Dodging
 + Level 14.2 Stealth
 * Level 10.5 Spellcasting
 * Level 8.7 Fire Magic


You had 26 spell levels left.
You knew the following spells:

 Your Spells              Type           Power      Damage    Failure   Level
a - Ignition              Fire           14%        3d6       100%        8

Your spell library contained the following spells:

 Spells                   Type           Power      Damage    Failure   Level
 Ignite Poison            Fire/Alch      18%        N/A       17%         4
 Sticky Flame             Fire/Alch      18%        2d6       17%         4
 Fireball                 Conj/Fire      9%         3d6       43%         5
 Cause Fear               Hex            3%         N/A       71%         4
 Dragon's Call            Summ           3%         N/A       100%        9


Dungeon Overview and Level Annotations

Branches:
Dungeon (1/1)

Altars:
Ashenzari
Cheibriados
Dithmenos
Elyvilon
Fedhas
Gozag
Hepliaklqana
Kikubaaqudgha
Makhleb
Nemelex Xobeh
Okawaru
Qazlal
Ru
Sif Muna
Trog
Uskayaw
Vehumet
Wu Jian
Xom
Yredelemnul
Zin
The Shining One
Jiyva
Lugonu

Shops:
D [([[!!

Annotations:
D Kirke


Innate Abilities, Weirdness & Mutations

You are too large for most types of armour.
You have a pair of small horns on your head.
You have tough skin. (AC +1)
You gain doubled healing and magic from potions.
Whenever you drink a healing potion, you attack all around you.


Message History

The skeletal warrior is severely damaged.
The skeletal warrior closely misses you.
Kirke shouts!
You hit the skeletal warrior. You headbutt the skeletal warrior!
The skeletal warrior is almost destroyed.
You hear an angry squeal.
The skeletal warrior hits you but does no damage.
The skeletal warrior closely misses you.
You closely miss the skeletal warrior. You headbutt the skeletal warrior!
The skeletal warrior is almost destroyed.
The skeletal warrior hits you with a +0 halberd!
* * * LOW HITPOINT WARNING * * *
Kirke casts a spell.
Kirke summons a lindwurm!
The skeletal warrior hits you with a +0 hand axe!
* * * LOW HITPOINT WARNING * * *
You chop the skeletal warrior into pieces!!!
You destroy the skeletal warrior!
You feel disoriented. The skeletal warrior misses you.
Unknown command.
You take a swig of the potion and twirl your +5 bardiche of electrocution.
You closely miss the skeletal warrior.
You savour every drop.
You feel better.
The skeletal warrior completely misses you.
Unknown command.
You slice the skeletal warrior!!
You headbutt the skeletal warrior, but do no damage.
The skeletal warrior is moderately damaged.
The skeletal warrior hits you with a +0 hand axe!
* * * LOW HITPOINT WARNING * * *
You hit the skeletal warrior.
Lightning courses through the skeletal warrior!!
The skeletal warrior is severely damaged.
The skeletal warrior hits you but does no damage.
You carve the skeletal warrior like a ham!!!
You destroy the skeletal warrior!
The lindwurm breathes flames at you. The blast of flame hits you!!!
You die...
Your body crumbles into a pile of gold.

****++****,,,,,**,,,,,,,,,,,,,,,,
,,,,,,,,,,,,,,,***,,,,,,,,,,,,,,,
,,,,**,,,,,,,,,* ***,,,,,,,,,,,**
,,,,,,,,,,,,,,,* **++*********
****++****,,,,,*#####++#####*****
*,,,,,,,.##**,,*#..........#*,,*,
,,,,**,,....#####..........#*,,*,
,,,,,,,,.....k$$'..#....#..#*++*+
,,,,,,,,.....h@$@..........#*,,,,
********#########..........#*,,,,
#################..#....#..#*,,*,
........)......''..........#*,,,,
...............''∩.........#*,,,,
##########[##..##∩∩#....#..#*++*+
#.#.#.#.#.#.#..##∩∩........++,,*,
.#.#.#.#.#.##..##..........++,,*,
#.#.#.#.#.#)#..####''####''#*****


You could see Kirke, a lindwurm (summoned, catching breath) and a hog.

Vanquished Creatures
  A deep elf blademaster (D)
  A death cob (D)
  A shadow dragon (D)
  A spriggan defender (D)
  2 orc warlords (D)
  A deep elf annihilator (D)
  An eidolon (D)
  A merfolk javelineer (D)
  A deep elf high priest (D)
  A yaktaur captain (D)
  A vault guard (D)
  2 hell beasts (D)
  A catoblepas (D)
  A boulder beetle (D)
  2 death knights (D)
  Erica (D)
  A death yak (D)
  3 naga warriors (D)
  A demonic crawler (D)
  A deep elf knight (D)
  A fire crab (D)
  A sea snake (D)
  2 sixfirhies (D)
  A spriggan druid (D)
  7 skeletal warriors (D)
  A bog body (D)
  A flayed ghost (D)
  A lindwurm (D)
  7 orc knights (D)
  A large abomination (D)
  An ugly thing (D)
  A necromancer (D)
  A cyclops (D)
  2 elephants (D)
  An eye of devastation (D)
  A black mamba (D)
  A molten gargoyle (D)
  A cane toad (D)
  A gargoyle (D)
  An unseen horror (D)
  4 kobold demonologists (D)
  A yaktaur (D)
  A komodo dragon (D)
  A freezing wraith (D)
  2 ice devils (D)
  A polar bear (D)
  A tyrant leech (D)
  2 merfolk (D)
  A tarantella (D)
  4 blink frogs (D)
  A hornet (D)
  2 spriggans (D)
  An air elemental (D)
  A ynoxinul (D)
  2 fire elementals (D)
  A fire bat (shapeshifter) (D)
  2 vampires (D)
  A wraith (D)
  6 hogs (D)
  A wyvern (D)
  A redback (D)
  Duvessa (D)
  3 hell hounds (D)
  3 acid dragons (D)
  A sky beast (D)
  An ice beast (D)
  8 wolves (D)
  A crocodile (D)
  A small abomination (D)
  2 centaurs (D)
  A phantom (D)
  Blork the orc (D)
  4 kobold brigands (D)
  A scorpion (D)
  Dowan (D)
  An iron imp (D)
  An iguana (D)
  An orc wizard (D)
  A hell rat (D)
  2 mummies (D)
  2 gnolls (D)
  A river rat (D)
  An adder skeleton (D)
  An adder zombie (D)
  A dart slug (D)
  2 ribbon worms (D)
  3 orcs (D)
  A bat zombie (D)
  An endoplasm (D)
  A hobgoblin (D)
  5 jackals (D)
  8 kobolds (D)
  3 quokkas (D)
  A ball python skeleton (D)
  A ball python zombie (D)
  A frilled lizard (D)
  2 goblins (D)
  A jackal zombie (D)
  A quokka skeleton (D)
168 creatures vanquished.

Vanquished Creatures (others)
  A vault guard (D)
  3 orc knights (D)
  A merfolk (D)
  A polar bear (D)
6 creatures vanquished.

Grand Total: 174 creatures vanquished

Notes
Turn   | Place    | Note
-------+----------+-------------------------------------------
     0 | D        | rocky1 the Oni Gladiator began the quest for the Orb.
     0 | D        | Reached XP level 1. HP: 22/22 MP: 1/1
    14 | D        | Reached skill level 3 in Fighting
    14 | D        | Reached XP level 2. HP: 31/31 MP: 2/2
    18 | D        | Found a bloodstained altar of Trog.
    18 | D        | Found a shimmering blue altar of Sif Muna.
    18 | D        | Found a viscous altar of Jiyva.
    18 | D        | Found a hazy altar of Hepliaklqana.
    18 | D        | Found an opulent altar of Gozag.
    19 | D        | Found a glowing golden altar of the Shining One.
    19 | D        | Found a glowing silver altar of Zin.
    19 | D        | Found a basalt altar of Yredelemnul.
    19 | D        | Found a shimmering altar of Xom.
    19 | D        | Found an ornate altar of the Wu Jian Council.
    19 | D        | Found a sacrificial altar of Ru.
    19 | D        | Found a stormy altar of Qazlal.
    19 | D        | Found an iron altar of Okawaru.
    19 | D        | Found a sparkling altar of Nemelex Xobeh.
    19 | D        | Found a burning altar of Makhleb.
    19 | D        | Found a blossoming altar of Fedhas.
    19 | D        | Found a white marble altar of Elyvilon.
    19 | D        | Found a shadowy altar of Dithmenos.
    19 | D        | Found a snail-covered altar of Cheibriados.
    22 | D        | Found a corrupted altar of Lugonu.
    22 | D        | Found a radiant altar of Vehumet.
    23 | D        | Found an ancient bone altar of Kikubaaqudgha.
    23 | D        | Found a hide-covered altar of Uskayaw.
    23 | D        | Found a broken altar of Ashenzari.
    26 | D        | Became a worshipper of Gozag Ym Sagoz the Greedy
   343 | D        | Reached skill level 5 in Polearms
   343 | D        | Reached XP level 3. HP: 28/37 MP: 3/3
   667 | D        | Noticed a sky beast
   688 | D        | Killed a sky beast
   689 | D        | Reached skill level 5 in Fighting
   689 | D        | Reached skill level 5 in Dodging
   689 | D        | Reached skill level 1 in Stealth
   689 | D        | Reached XP level 4. HP: 39/50 MP: 4/4
   689 | D        | Reached XP level 5. HP: 44/57 MP: 5/5
   849 | D        | Noticed a centaur
   849 | D        | Noticed an ice beast
   859 | D        | Reached skill level 6 in Fighting
   866 | D        | Killed an ice beast
   867 | D        | Reached skill level 7 in Fighting
   867 | D        | Reached XP level 6. HP: 24/71 MP: 6/6
   877 | D        | Noticed Blork the orc
  1058 | D        | Killed Blork the orc
  1059 | D        | Reached skill level 8 in Fighting
  1059 | D        | Reached skill level 10 in Polearms
  1059 | D        | Reached XP level 7. HP: 39/80 MP: 7/7
  1418 | D        | Noticed a lindwurm
  1431 | D        | Killed a lindwurm
  1432 | D        | Reached skill level 10 in Fighting
  1432 | D        | Reached XP level 8. HP: 36/94 MP: 8/8
  1705 | D        | Bought the +4 robe of Augmentation {Str+4 Int+4 Dex+4} for
                  | 581 gold pieces
  1705 | D        | Found the +4 robe of Augmentation {Str+4 Int+4 Dex+4}
  1822 | D        | Noticed a blink frog
  1822 | D        | Noticed a blink frog
  1822 | D        | Noticed a blink frog
  1824 | D        | Noticed a blink frog
  1832 | D        | Killed a blink frog
  1833 | D        | Reached skill level 5 in Stealth
  1836 | D        | Killed a blink frog
  1837 | D        | Reached skill level 11 in Fighting
  1842 | D        | Killed a blink frog
  1845 | D        | Killed a blink frog
  1846 | D        | Reached XP level 9. HP: 79/106 MP: 9/9
  1987 | D        | Noticed a black mamba
  1997 | D        | Killed a black mamba
  1998 | D        | Reached skill level 12 in Fighting
  2126 | D        | Noticed an elephant
  2137 | D        | Killed an elephant
  2235 | D        | Reached skill level 13 in Fighting
  2242 | D        | Noticed a demonic crawler
  2242 | D        | Noticed Erica
  2254 | D        | Killed Erica
  2255 | D        | Reached skill level 15 in Polearms
  2259 | D        | Killed a demonic crawler
  2260 | D        | Reached skill level 14 in Fighting
  2260 | D        | Reached XP level 10. HP: 86/122 MP: 10/10
  2262 | D        | Reached skill level 10 in Dodging
  2366 | D        | Noticed a boulder beetle
  2380 | D        | Killed a boulder beetle
  2381 | D        | Reached skill level 15 in Fighting
  2797 | D        | Noticed a kobold demonologist
  2797 | D        | Noticed a flayed ghost
  2801 | D        | Noticed a kobold demonologist
  2803 | D        | Killed a flayed ghost
  2812 | D        | Killed a kobold demonologist
  2815 | D        | Killed a kobold demonologist
  2915 | D        | Noticed a kobold demonologist
  2916 | D        | Noticed a death yak
  2930 | D        | Killed a kobold demonologist
  2941 | D        | Killed a death yak
  2942 | D        | Reached skill level 16 in Fighting
  2942 | D        | Reached XP level 11. HP: 38/135 MP: 11/11
  3215 | D        | Noticed a death knight
  3229 | D        | Killed a death knight
  3451 | D        | Noticed Duvessa
  3451 | D        | Noticed Dowan
  3455 | D        | Noticed an eidolon
  3459 | D        | Killed Duvessa
  3460 | D        | Reached skill level 17 in Fighting
  3482 | D        | Killed Dowan
  3545 | D        | Killed an eidolon
  3546 | D        | Reached skill level 18 in Fighting
  4000 | D        | Got the ring "Hetar" {*Corrode +Blink rPois rF+ Will-}
  4074 | D        | Found the +7 captain's cutlass {speed, disarm}
  4074 | D        | Noticed a deep elf annihilator
  4074 | D        | Noticed an orc knight
  4074 | D        | Noticed an orc knight
  4075 | D        | Noticed an orc knight
  4075 | D        | Noticed an orc knight
  4139 | D        | Noticed a sun demon
  4312 | D        | Noticed a large abomination
  4320 | D        | Killed a large abomination
  4321 | D        | Reached skill level 19 in Fighting
  4437 | D        | Noticed a cyclops
  4437 | D        | Noticed a shadow dragon
  4437 | D        | Noticed a spriggan defender
  4437 | D        | Noticed a necromancer
  4448 | D        | Killed a spriggan defender
  4449 | D        | Reached XP level 12. HP: 97/156 MP: 12/12
  4462 | D        | Killed a shadow dragon
  4463 | D        | Reached skill level 20 in Fighting
  4767 | D        | Bought a potion of invisibility for 144 gold pieces
  4767 | D        | Bought a potion of heal wounds for 90 gold pieces
  4767 | D        | Bought a potion of heal wounds for 90 gold pieces
  4767 | D        | Bought a potion of heal wounds for 90 gold pieces
  4767 | D        | Bought a potion of heal wounds for 90 gold pieces
  4767 | D        | Bought a potion of lignification for 54 gold pieces
  4767 | D        | Bought a potion of heal wounds for 90 gold pieces
  4767 | D        | Bought 2 potions of heal wounds for 180 gold pieces
  4767 | D        | Bought a potion of might for 72 gold pieces
  4788 | D        | Learned a level 8 spell: Ignition
  4790 | D        | Noticed a hell beast
  4796 | D        | Reached skill level 10 in Stealth
  4796 | D        | Reached skill level 1 in Spellcasting
  4796 | D        | Reached skill level 1 in Fire Magic
  4798 | D        | Paralysed by an air elemental for 1 turns
  4802 | D        | Noticed a catoblepas
  4806 | D        | Paralysed by an air elemental for 1 turns
  4824 | D        | Reached skill level 21 in Fighting
  4843 | D        | Killed a catoblepas
  4856 | D        | Noticed a hell beast
  4857 | D        | Killed a hell beast
  4861 | D        | Reached skill level 5 in Spellcasting
  4868 | D        | Killed a hell beast
  4914 | D        | Reached XP level 13. HP: 101/171 MP: 21/21
  4973 | D        | Reached skill level 5 in Fire Magic
  5116 | D        | Bought a potion of magic for 152 gold pieces
  5116 | D        | Bought a potion of might for 76 gold pieces
  5116 | D        | Bought a potion of cancellation for 152 gold pieces
  5116 | D        | Bought a potion of haste for 190 gold pieces
  5116 | D        | Bought a potion of curing for 57 gold pieces
  5154 | D        | Noticed an orc warlord
  5154 | D        | Noticed an orc warlord
  5157 | D        | Reached skill level 22 in Fighting
  5161 | D        | Noticed a deep elf blademaster
  5170 | D        | Noticed a merfolk javelineer
  5171 | D        | Noticed a vault guard
  5173 | D        | Killed an orc warlord
  5177 | D        | Noticed a death cob
  5184 | D        | Noticed a vault guard
  5194 | D        | Killed a death cob
  5195 | D        | Killed a vault guard
  5196 | D        | Noticed a yaktaur captain
  5199 | D        | Killed a deep elf blademaster
  5202 | D        | Killed a vault guard
  5205 | D        | Killed an orc warlord
  5209 | D        | Reached skill level 23 in Fighting
  5221 | D        | Killed a yaktaur captain
  5222 | D        | Killed a merfolk javelineer
  5238 | D        | Killed a deep elf annihilator
  5867 | D        | Noticed a deep elf high priest
  5873 | D        | Killed a deep elf high priest
  5877 | D        | Reached skill level 10 in Spellcasting
  5880 | D        | Reached XP level 14. HP: 131/185 MP: 26/28
  5889 | D        | Noticed Kirke
  5937 | D        | Killed from afar by a lindwurm

Illustrated notes

Levels and vault maps discovered:
D:        pitsprint [storerooms_1, entrance_room_1, metal_vault_7, armoury_1,
          mini_pit_1, grid_room_1, main_hall_1, silver_pit, the_coven_2,
          the_vestibule_1, steel_vault_1, golden_pit, hallway_of_sentries,
          crystal_vault_1, iron_vault_4, final_vault]

Skill      XL: |  1  2  3  4  5  6  7  8  9 10 11 12 13 14 |
---------------+-------------------------------------------+-----
Fighting       | 3 5 7 8 10 11 14 16 19 21 23 | 23.7
Polearms       | 4 5 7 9 10 12 13 15 17 19 20 21 | 21.4
Dodging        | 3 4 5 6 7 8 9 10 12 13 | 13.7
Stealth        | 1 2 3 4 5 7 8 9 11 13 14 | 14.2
Spellcasting   | 5 10 | 10.5
Fire Magic     | 4 8 |  8.7
Throwing       | |  2.8

Action                     |  1- 3 |  4- 6 |  7- 9 | 10-12 | 13-15 || total
---------------------------+-------+-------+-------+-------+-------++-------
  Melee: Trident           |    46 |    30 |    35 |       |       ||   111
         Headbutt          |     3 |     7 |    17 |    58 |    16 ||   101
         Punch             |       |     2 |       |       |       ||     2
         Halberd           |       |       |    48 |   293 |    81 ||   422
         Bardiche          |       |       |       |       |    34 ||    34
 Invoke: Call Merchant     |       |       |     1 |     2 |     3 ||     6
         Potion Petition   |       |       |       |     2 |       ||     2
    Use: Potion            |     1 |     1 |     5 |    12 |    11 ||    30
         Scroll            |       |       |       |     1 |     5 ||     6
   Stab: Sleeping          |     1 |       |     3 |     6 |     2 ||    12
         Distracted        |     1 |       |       |     3 |     1 ||     5
         Petrified         |       |       |       |     6 |       ||     6
         Invisible         |       |       |       |     4 |    20 ||    24
 Armour: Robe              |    31 |    21 |    43 |   144 |    72 ||   311
  Dodge: Dodged            |    19 |    17 |    34 |   115 |    50 ||   235

Table legend: (Time is in decaauts)
 A = Elapsed time spent in this place.
 B = Non-inter-level travel time spent in this place.
 C = Inter-level travel time spent in this place.
 D = Time resting spent in this place.
 E = Time spent auto-exploring this place.
 F = Levels seen in this place.
 G = Mean time per level.
                   A        B        C        D        E       F      G
               +--------+--------+--------+--------+--------+-----+--------+
         Total |   5805 |   5660 |    145 |   3975 |     28 |   1 | 5805.0 |
       Dungeon |   5805 |   5660 |    145 |   3975 |     28 |   1 | 5805.0 |
               +--------+--------+--------+--------+--------+-----+--------+

Top non-repeatable levels by time:
       D: 5805 daAuts
